SNL (28 & UNDER)
KEY WEST BARRACUDAS @ GAINESVILLE GUIDOS
09/02/2026
 
TOP OF THE 1ST
Key West Barracudas batting - Pitching for Gainesville Guidos : RHP Rodney Hall
Pitching: RHP Rodney Hall
Batting: SHB Rodney Birling 0-0: Fly out, F8 (Flyball, 8RM)
Batting: RHB Carlos Bravo 0-0: Foul Ball, location: 2F
0-1: Swinging Strike
0-2: Foul Ball, location: 2F
0-2: Ball
1-2: Foul Ball, location: 2F
1-2: Ground out 1-3 (Groundball, 13S)
Batting: RHB Anastasio Villa 0-0: Ball
1-0: Called Strike
1-1: Ground out 5-3 (Groundball, 56)
Top of the 1st over - 0 run(s), 0 hit(s), 0 error(s), 0 left on base; Key West 0 - Gainesville 0
BOTTOM OF THE 1ST
Gainesville Guidos batting - Pitching for Key West Barracudas : LHP Luis Rodríguez
Pitching: LHP Luis Rodríguez
Batting: LHB Eddy Jefferson 0-0: Called Strike
0-1: Foul Ball, location: 2F
0-2: Fly out, F6 (Popup, 6M)
Batting: LHB Pedro Juárez 0-0: Ball
1-0: Foul Ball, location: 2F
1-1: Ground out 4-3 (Groundball, 34D)
Batting: LHB António Cedeño 0-0: Ball
1-0: Ball
2-0: Ball
3-0: Base on Balls
Batting: RHB Kyle O'Day 0-0: Called Strike
0-1: Ball
1-1: Ball
2-1: Ground out 4-3 (Groundball, 34)
Bottom of the 1st over - 0 run(s), 0 hit(s), 0 error(s), 1 left on base; Key West 0 - Gainesville 0
TOP OF THE 2ND
Key West Barracudas batting - Pitching for Gainesville Guidos : RHP Rodney Hall
Batting: LHB Jake Wells 0-0: Ball
1-0: Ball
2-0: Swinging Strike
2-1: Foul Ball, location: 2F
2-2: SINGLE (Line Drive, 4D)
Batting: LHB Daniel Byrd 0-0: SINGLE (Flyball, 89S)
Jake Wells to second
Batting: LHB Víctor Acevedo 0-0: Ball
1-0: Ball
2-0: Ball
3-0: Base on Balls
Jake Wells to third
Daniel Byrd to second
Batting: RHB Carlos Miranda 0-0: Ball
1-0: DOUBLE (Popup, 9LS)
Jake Wells scores
Daniel Byrd scores
Víctor Acevedo to third
Batting: RHB Dan Craft 0-0: Ball
1-0: Ball
2-0: Called Strike
2-1: Foul Ball, location: 2F
2-2: Ground out 4-3 (Groundball, 4)
Víctor Acevedo scores
Carlos Miranda to third
Batting: LHB Motoki Hirata 0-0: Foul Ball, location: 2F
0-1: Swinging Strike
0-2: Fly out, F9 (Line Drive, 89M)
Runner from 3rd tags up, SCORES, throw made
Batting: SHB Rodney Birling 0-0: Called Strike
0-1: Ball
1-1: Swinging Strike
1-2: Foul Ball, location: 2F
1-2: Ball
2-2: Ball
3-2: Strikes out looking
Top of the 2nd over - 4 run(s), 3 hit(s), 0 error(s), 0 left on base; Key West 4 - Gainesville 0
BOTTOM OF THE 2ND
Gainesville Guidos batting - Pitching for Key West Barracudas : LHP Luis Rodríguez
Batting: RHB Kurt Walter 0-0: Ball
1-0: Called Strike
1-1: Ball
2-1: SOLO HOME RUN (Flyball, 7LD), Distance : 356 ft
Batting: RHB Juan Reyes 0-0: Foul Ball, location: 2F
0-1: Called Strike
0-2: Foul Ball, location: 2F
0-2: Foul Ball, location: 2F
0-2: DOUBLE (Line Drive, 7LD)
Batting: RHB Iván Moreno 0-0: Ball
1-0: Ball
2-0: Called Strike
2-1: Fly out, F9 (Flyball, 9M)
Batting: RHB Greg Lee 0-0: Called Strike
0-1: Hit by Pitch
Batting: RHB Mark McDonald 0-0: Foul Ball, location: 2F
0-1: Swinging Strike
0-2: Fly out, F9 (Flyball, 89M)
Batting: LHB Eddy Jefferson 0-0: Called Strike
0-1: Foul Ball, location: 2F
0-2: Foul Ball, location: 2F
0-2: Ball
1-2: Ground out 3-1 (Groundball, 34)
Bottom of the 2nd over - 1 run(s), 2 hit(s), 0 error(s), 2 left on base; Key West 4 - Gainesville 1
TOP OF THE 3RD
Key West Barracudas batting - Pitching for Gainesville Guidos : RHP Rodney Hall
Batting: RHB Carlos Bravo 0-0: Ball
1-0: Foul Ball, location: 2F
1-1: SINGLE (Flyball, 78S)
Batting: RHB Anastasio Villa 0-0: Ball
1-0: Called Strike
1-1: Ball
2-1: Ball
3-1: Base on Balls
Carlos Bravo to second
Batting: LHB Jake Wells 0-0: DOUBLE (Groundball, 3L)
Carlos Bravo scores
Anastasio Villa to third
Batting: LHB Daniel Byrd 0-0: Ball
1-0: Ball
2-0: Ball
3-0: Fly out, F8 (Flyball, 8RD)
Runner from 3rd tags up, SCORES, no throw
Batting: LHB Víctor Acevedo 0-0: Ball
1-0: Called Strike
1-1: Foul Ball, location: 2F
1-2: Strikes out looking
Batting: RHB Carlos Miranda 0-0: Ball
1-0: Ball
2-0: Swinging Strike
2-1: Ball
3-1: Swinging Strike
3-2: Strikes out looking
Top of the 3rd over - 2 run(s), 2 hit(s), 0 error(s), 1 left on base; Key West 6 - Gainesville 1
BOTTOM OF THE 3RD
Gainesville Guidos batting - Pitching for Key West Barracudas : LHP Luis Rodríguez
Batting: LHB Pedro Juárez 0-0: Fly out, F7 (Line Drive, 7S)
Batting: LHB António Cedeño 0-0: Called Strike
0-1: Fly out, F9 (Line Drive, 89D)
Batting: RHB Kyle O'Day 0-0: Called Strike
0-1: Swinging Strike
0-2: Ball
1-2: Foul Ball, location: 2F
1-2: Strikes out swinging
Bottom of the 3rd over - 0 run(s), 0 hit(s), 0 error(s), 0 left on base; Key West 6 - Gainesville 1
TOP OF THE 4TH
Key West Barracudas batting - Pitching for Gainesville Guidos : RHP Rodney Hall
Batting: RHB Dan Craft 0-0: SINGLE (Line Drive, 6MD)
Batting: LHB Motoki Hirata 0-0: Foul Ball, location: 2F
0-1: Foul Ball, location: 2F
0-2: Foul Ball, location: 2F
0-2: Ball
1-2: Ball
2-2: Ball
3-2: Foul Ball, location: 2F
3-2: Base on Balls
Dan Craft to second
Batting: SHB Rodney Birling 0-0: Called Strike
0-1: Called Strike
0-2: Strikes out swinging
Batting: RHB Carlos Bravo 0-0: Ball
1-0: Ball
2-0: Ball
3-0: Base on Balls
Dan Craft to third
Motoki Hirata to second
Batting: RHB Anastasio Villa 0-0: Ball
1-0: GRAND SLAM HOME RUN (Flyball, 7D), Distance : 379 ft
Pitching: RHP Salvador De Jesús
Batting: LHB Jake Wells 0-0: Ball
1-0: Called Strike
1-1: Ground out 4-3 (Groundball, 4)
Batting: LHB Daniel Byrd 0-0: Called Strike
0-1: Ball
1-1: Foul Ball, location: 2F
1-2: Foul Ball, location: 2F
1-2: DOUBLE (Flyball, 8LXD)
Batting: LHB Víctor Acevedo 0-0: Ball
1-0: Ball
2-0: Called Strike
2-1: Fly out, F9 (Line Drive, 9M)
Top of the 4th over - 4 run(s), 3 hit(s), 0 error(s), 1 left on base; Key West 10 - Gainesville 1
BOTTOM OF THE 4TH
Gainesville Guidos batting - Pitching for Key West Barracudas : LHP Luis Rodríguez
Batting: RHB Kurt Walter 0-0: Hit by Pitch
Batting: RHB Juan Reyes 0-0: Called Strike
0-1: Called Strike
0-2: Ball
1-2: Ball
2-2: Foul Ball, location: 2F
2-2: Foul Ball, location: 2F
2-2: Strikes out swinging
Batting: RHB Iván Moreno 0-0: Called Strike
0-1: Ball
1-1: Grounds into double play, 6-4-3 (Groundball, 6)
Bottom of the 4th over - 0 run(s), 0 hit(s), 0 error(s), 0 left on base; Key West 10 - Gainesville 1
TOP OF THE 5TH
Key West Barracudas batting - Pitching for Gainesville Guidos : RHP Salvador De Jesús
Batting: RHB Carlos Miranda 0-0: Ball
1-0: Called Strike
1-1: Ball
2-1: Foul Ball, location: 2F
2-2: Ground out 4-3 (Groundball, 4)
Batting: RHB Dan Craft 0-0: Called Strike
0-1: Ball
1-1: Ball
2-1: Foul Ball, location: 2F
2-2: Ball
3-2: Base on Balls
Batting: LHB Motoki Hirata 0-0: Ball
1-0: DOUBLE (Line Drive, 8RXD)
Dan Craft to third
Runner from 3rd tries for Home, SAFE, no throw or cutoff
Batting: SHB Rodney Birling 0-0: Ball
1-0: Ball
2-0: Ball
3-0: Base on Balls
Batting: RHB Carlos Bravo 0-0: Called Strike
0-1: Ball
1-1: Foul Ball, location: 2F
1-2: Foul Ball, location: 2F
1-2: Fly out, F9 (Flyball, 9M)
Runner from 2nd tags up, OUT at 3rd
Top of the 5th over - 1 run(s), 1 hit(s), 0 error(s), 1 left on base; Key West 11 - Gainesville 1
BOTTOM OF THE 5TH
Gainesville Guidos batting - Pitching for Key West Barracudas : LHP Luis Rodríguez
Batting: RHB Greg Lee 0-0: Fly out, F8 (Flyball, 8LS)
Batting: RHB Mark McDonald 0-0: Ball
1-0: Fly out, F8 (Flyball, 8LM)
Batting: LHB Eddy Jefferson 0-0: Ball
1-0: Fly out, F8 (Flyball, 8RM)
Bottom of the 5th over - 0 run(s), 0 hit(s), 0 error(s), 0 left on base; Key West 11 - Gainesville 1
TOP OF THE 6TH
Key West Barracudas batting - Pitching for Gainesville Guidos : RHP Salvador De Jesús
Batting: RHB Anastasio Villa 0-0: DOUBLE (Groundball, 5L)
Batting: LHB Jake Wells 0-0: Ground out 5-3 (Groundball, 6S)
Anastasio Villa to third
Batting: LHB Daniel Byrd 0-0: Ball
Wild Pitch!
Anastasio Villa scores
1-0: Foul Ball, location: 2F
1-1: SINGLE (Groundball, 34D)
Batting: LHB Víctor Acevedo 0-0: Called Strike
0-1: Called Strike
0-2: Ball
Balk!
Daniel Byrd to second
1-2: Foul Ball, location: 2F
1-2: Foul Ball, location: 2F
1-2: Ball
2-2: Foul Ball, location: 2F
2-2: Strikes out swinging
Batting: RHB Carlos Miranda 0-0: Ball
1-0: Ground out 1-3 (Groundball, 13S)
Top of the 6th over - 1 run(s), 2 hit(s), 0 error(s), 1 left on base; Key West 12 - Gainesville 1
BOTTOM OF THE 6TH
Gainesville Guidos batting - Pitching for Key West Barracudas : LHP Luis Rodríguez
Batting: LHB Pedro Juárez 0-0: Foul Ball, location: 2F
0-1: Fly out, F7 (Popup, 56D)
Batting: LHB António Cedeño 0-0: Fly out, F9 (Flyball, 89XD)
Batting: RHB Kyle O'Day 0-0: Called Strike
0-1: Ball
1-1: Swinging Strike
1-2: Foul Ball, location: 2F
1-2: Foul Ball, location: 2F
1-2: Ball
2-2: Strikes out looking
Bottom of the 6th over - 0 run(s), 0 hit(s), 0 error(s), 0 left on base; Key West 12 - Gainesville 1
TOP OF THE 7TH
Key West Barracudas batting - Pitching for Gainesville Guidos : RHP Salvador De Jesús
Pitching: RHP Gustavo Ávila
Batting: RHB Dan Craft 0-0: Ball
1-0: Foul Ball, location: 2F
1-1: Ground out 6-3 (Groundball, 6M)
Batting: LHB Motoki Hirata 0-0: Called Strike
0-1: Called Strike
0-2: Ground out 4-3 (Groundball, 4)
Batting: SHB Rodney Birling 0-0: Ball
1-0: Ball
2-0: Called Strike
2-1: Ball
3-1: Base on Balls
Batting: RHB Carlos Bravo 0-0: Ball
1-0: Ground out 6-3 (Groundball, 6)
Top of the 7th over - 0 run(s), 0 hit(s), 0 error(s), 1 left on base; Key West 12 - Gainesville 1
BOTTOM OF THE 7TH
Gainesville Guidos batting - Pitching for Key West Barracudas : LHP Luis Rodríguez
Batting: RHB Kurt Walter 0-0: Ball
1-0: Ball
2-0: Foul Ball, location: 2F
2-1: Swinging Strike
2-2: Hit by Pitch
Batting: RHB Juan Reyes 0-0: Ball
1-0: Called Strike
1-1: SINGLE (Line Drive, 34)
Kurt Walter to second
Batting: RHB Iván Moreno 0-0: Ball
1-0: Ball
2-0: Called Strike
2-1: Fly out, F8 (Line Drive, 8RXD)
Runner from 2nd tags up, SAFE at 3rd, no throw
Batting: RHB Greg Lee 0-0: Called Strike
0-1: Swinging Strike
0-2: Hit by Pitch
Juan Reyes to second
Batting: RHB Mark McDonald 0-0: Called Strike
0-1: Foul Ball, location: 2F
0-2: Ball
1-2: Ball
2-2: Fly out, F8 (Flyball, 8LS)
Batting: LHB Eddy Jefferson 0-0: Ball
1-0: Foul Ball, location: 2F
1-1: Swinging Strike
1-2: Ball
2-2: SINGLE (Flyball, 89S)
Kurt Walter scores
Juan Reyes to third
Greg Lee to second
Runner from 3rd tries for Home, SAFE, no throw or cutoff
Pitching: RHP Ed Calhoun
Batting: LHB Pedro Juárez 0-0: Foul Ball, location: 2F
0-1: Ground out 1-3 (Groundball, 15)
Bottom of the 7th over - 2 run(s), 2 hit(s), 0 error(s), 2 left on base; Key West 12 - Gainesville 3
TOP OF THE 8TH
Key West Barracudas batting - Pitching for Gainesville Guidos : RHP Gustavo Ávila
Batting: RHB Anastasio Villa 0-0: Ball
1-0: Ball
2-0: Foul Ball, location: 2F
2-1: Ball
3-1: SOLO HOME RUN (Flyball, 7D), Distance : 372 ft
Batting: LHB Jake Wells 0-0: Ground out 3-1 (Groundball, 34)
Batting: LHB Daniel Byrd 0-0: Called Strike
0-1: SINGLE (Line Drive, 56)
Batting: LHB Víctor Acevedo 0-0: Called Strike
0-1: Swinging Strike
0-2: Fly out, F9 (Flyball, 9LM)
Batting: RHB Carlos Miranda 0-0: Ball
1-0: Called Strike
1-1: Swinging Strike
1-2: Fly out, F9 (Flyball, 89S)
Top of the 8th over - 1 run(s), 2 hit(s), 0 error(s), 1 left on base; Key West 13 - Gainesville 3
BOTTOM OF THE 8TH
Gainesville Guidos batting - Pitching for Key West Barracudas : RHP Ed Calhoun
Batting: LHB António Cedeño 0-0: Ball
1-0: Ball
2-0: Ground out U3 (Groundball, 3S)
Batting: RHB Kyle O'Day 0-0: Foul Ball, location: 2F
0-1: Foul Ball, location: 2F
0-2: Ball
1-2: Foul Ball, location: 2F
1-2: Foul Ball, location: 2F
1-2: Strikes out swinging
Batting: RHB Kurt Walter 0-0: Ball
1-0: Fly out, F8 (Flyball, 8RM)
Bottom of the 8th over - 0 run(s), 0 hit(s), 0 error(s), 0 left on base; Key West 13 - Gainesville 3
TOP OF THE 9TH
Key West Barracudas batting - Pitching for Gainesville Guidos : RHP Gustavo Ávila
Pitching: RHP Marlon Ryan
Batting: RHB Dan Craft 0-0: Ground out 4-3 (Groundball, 34)
Batting: LHB Motoki Hirata 0-0: Ball
1-0: Ball
2-0: Fly out, F7 (Flyball, 7M)
Batting: SHB Rodney Birling 0-0: Ball
1-0: Ball
2-0: TRIPLE (Line Drive, 3D)
Batting: RHB Carlos Bravo 0-0: Called Strike
0-1: Swinging Strike
0-2: Ball
1-2: Ball
2-2: Strikes out swinging
Top of the 9th over - 0 run(s), 1 hit(s), 0 error(s), 1 left on base; Key West 13 - Gainesville 3
BOTTOM OF THE 9TH
Gainesville Guidos batting - Pitching for Key West Barracudas : RHP Ed Calhoun
Batting: RHB Juan Reyes 0-0: Ball
1-0: Foul Ball, location: 2F
1-1: Swinging Strike
1-2: Foul Ball, location: 2F
1-2: Strikes out swinging
Batting: RHB Iván Moreno 0-0: Ball
1-0: Called Strike
1-1: Swinging Strike
1-2: Strikes out swinging
Batting: RHB Greg Lee 0-0: Called Strike
0-1: Foul Ball, location: 2F
0-2: Strikes out looking
Bottom of the 9th over - 0 run(s), 0 hit(s), 0 error(s), 0 left on base; Key West 13 - Gainesville 3
Monday, December 5th, 2016 - OOTP Baseball 17.12 Build 75